 Dungeon Crawl Stone Soup version 0.31-a0-222-gefeffbb62a (webtiles) character file.

Game seed: 2458538106229058855

1188 olmar the Martial Artist (level 8, 0/55 HPs)
             Began as a Djinni Transmuter on July 5, 2023.
             Was a Believer of Cheibriados.
             Engulfed by a cloud of steam (11 damage)
             ... on level 6 of the Dungeon.
             The game lasted 00:06:44 (4501 turns).

olmar the Martial Artist (Djinni Transmuter)        Turns: 4501, Time: 00:06:45

Health: 0/55       AC:  2    Str: 13    XL:     8   Next: 71%
Gold:   183        EV: 25    Int: 20    God:    Cheibriados [**....] SH:  0 Dex: 24

rFire   . .          .
                       - Unarmed
rCold   . . .        (shield currently unavailable)
rNeg    . . .        a - melded +1 robe
rPois   ∞            n - melded +0 helmet
rElec   .            (cloak currently unavailable)
rCorr   +            o - melded +0 pair of gloves
SInv    .            (boots unavailable)
Will    .....        t - amulet of faith
Stlth   +++          d - ring of resist corrosion
HPRegen 0.29/turn    (no ring)
MPRegen 0.00/turn

%: faith, infuse magic (-1 HP)
@: brilliant, spider-form, flying, very slow
A: venomous fangs, flying, sickness immunity, tiny, (fire resistance 2), (cold
vulnerability 1), float, innate caster, HP casting, extra vitality 1
a: End Transformation, Renounce Religion, Bend Time


You were on level 6 of the Dungeon.
You worshipped Cheibriados.
Cheibriados was pleased with you.
You were a venomous arachnid creature.
You visited 1 branch of the dungeon, and saw 6 of its levels.

You collected 183 gold pieces.

Inventory:

Missiles
 k - a throwing net (quivered)
Armour
 a - a +1 robe (melded)
 n - a +0 helmet (melded)
 o - a +0 pair of gloves (melded)
Jewellery
 d - a ring of resist corrosion (left front pincers)
 t - an amulet of faith (around neck)
 w - a ring of ice
Wands
 b - a wand of quicksilver (7)
Scrolls
 e - a scroll of blinking {unknown}
 f - a scroll of identify {unknown}
 g - a scroll of teleportation {unknown}
 h - a scroll of fear
 l - a scroll of brand weapon {unknown}
 q - a scroll of fog {unknown}
 s - a scroll of noise {unknown}
Potions
 i - 2 potions of heal wounds {unknown}
 j - 2 potions of brilliance
 m - 2 potions of mutation {unknown}
 p - 2 potions of might {unknown}
 r - a potion of curing
 u - a potion of cancellation {unknown}
 v - a potion of berserk rage {unknown}
 x - a potion of lignification


   Skills:
 + Level 2.7 Fighting
 + Level 5.5 Dodging
 - Level 2.0 Stealth
 + Level 8.3 Unarmed Combat
 + Level 2.2 Spellcasting
 + Level 2.2 Conjurations
 + Level 2.2 Hexes
 + Level 2.2 Summonings
 + Level 2.2 Necromancy
 + Level 2.2 Translocations
 + Level 2.2 Transmutations
 + Level 2.2 Fire Magic
 + Level 2.2 Ice Magic
 + Level 2.2 Air Magic
 + Level 2.2 Earth Magic
 + Level 2.2 Poison Magic
 - Level 0.4 Evocations


You knew the following spells:

 Your Spells              Type           Power      Damage    Failure   Level
a - Beastly Appendage     Tmut           32%        N/A       17%         1
b - Wereblood             Tmut           16%        N/A       24%         2
c - Spider Form           Tmut/Pois      16%        N/A       38%         3
d - Ice Form              Ice/Tmut       16%        N/A       73%         4
e - Sting                 Tmut/Pois      64%        1d6       17%         1
f - Call Imp              Summ           32%        N/A       24%         2
g - Swiftness             Air            16%        N/A       38%         3
Your spell library was empty.

Dungeon Overview and Level Annotations

Branches:
Dungeon (6/15)
 Temple: D:4-7

Altars:
Cheibriados
Elyvilon
Makhleb
Okawaru

Shops:
D:4 :


Innate Abilities, Weirdness & Mutations

You are a venomous arachnid creature.
You have venomous fangs.
You are tiny and dextrous.
You are flying.
Your spellcasting is less reliable in this form.
Your armour is entirely melded.
You are incapable of wielding weapons or throwing items.
You are immune to sickness and miasma.
You are immune to poison.
((Your flesh is very heat resistant. (rF++)))
((You are vulnerable to cold. (rC-)))
You float through the air rather than walking.
You learn spells naturally, not from books.
Your magical power is your life essence.
You have superior vitality. (+4 MHP)


Message History

Unknown command.
You are too injured to fight recklessly!
You are too injured to fight recklessly!
Unknown command.
You hit the steam dragon.
The steam dragon looks as sick as possible!
The steam dragon is lightly wounded.
You are engulfed in a cloud of scalding steam.
The steam dragon bites you!
* * * LOW HITPOINT WARNING * * *
The steam dragon completely misses you.
You bite the steam dragon!
The steam dragon is heavily wounded.
You are engulfed in a cloud of scalding steam.
* * * LOW HITPOINT WARNING * * *
The steam dragon misses you. x2
Unknown command.
It was a potion of brilliance.
You feel clever all of a sudden. The steam dragon misses you.
The steam dragon closely misses you.
Unknown command.
It was a potion of curing.
You feel better. The steam dragon breathes steam at you.
The ball of steam misses you.
Unknown command.
You bite the steam dragon!
The steam dragon looks as sick as possible!
The steam dragon is almost dead.
You are engulfed in a cloud of scalding steam.
* * * LOW HITPOINT WARNING * * *
The steam dragon closely misses you. The steam dragon completely misses you.
Unknown command.
You hit the steam dragon.
You kill the steam dragon!
Cheibriados appreciates the change of pace.
You are engulfed in a cloud of scalding steam.
* * * LOW HITPOINT WARNING * * *
Unknown command.
You are engulfed in a cloud of scalding steam.
You die...

#......# #......#
##### #......
..... ..... #
##### ... #.#....
#'# ..#.#.### #§#
#.#....# #§#
#.#.#..# #s#
#.#.#..# #§#
#.#.#..# #.#
#.#.#..# #§#
#.#.#..# #§#
######.#.#..#
#.#...>.........#
#.##########.#.##
#..............#
###...##########


There were no monsters in sight!

Vanquished Creatures
  Grinder (D:3)
  A steam dragon (D:6)
  Edmund (D:5)
  2 phantoms (D:4)
  A kobold brigand (D:5)
  2 scorpions
  2 orc priests (D:4)
  3 hounds
  Ijyb (D:3)
  An iguana (D:5)
  3 orc wizards
  Robin (D:3)
  4 adders
  A shadow imp (D:5)
  A dart slug (D:4)
  16 orcs
  5 ball pythons
  3 endoplasms
  2 giant cockroaches
  13 hobgoblins
  3 quokkas
  A bat (D:3)
  3 frilled lizards
  8 goblins
  12 kobolds
  2 rats
93 creatures vanquished.

Vanquished Creatures (collateral kills)
  A rat (D:3)
1 creature vanquished.

Grand Total: 94 creatures vanquished

Notes
Turn   | Place    | Note
-------+----------+-------------------------------------------
     0 | D:1      | olmar the Djinni Transmuter began the quest for the Orb.
     0 | D:1      | olmar set off with the following spells memorised: Beastly
                  | Appendage, Wereblood, Spider Form, Ice Form.
     0 | D:1      | Reached XP level 1. HP: 17/17 MP: 0/0
    60 | D:1      | Reached XP level 2. HP: 8/22 MP: 0/0
   557 | D:2      | You are sucked into a shaft and drop 1 floor!
   559 | D:3      | Found a snail-covered altar of Cheibriados.
   641 | D:3      | Noticed Ijyb
   649 | D:3      | Killed Ijyb
   650 | D:3      | Reached skill level 4 in Unarmed Combat
   650 | D:3      | Reached XP level 3. HP: 27/27 MP: 0/0
   650 | D:3      | Learned a level 1 spell: Sting
   781 | D:3      | Reached XP level 4. HP: 31/32 MP: 0/0
   781 | D:3      | Noticed Robin
   788 | D:3      | Killed Robin
   946 | D:3      | Noticed Grinder
   954 | D:3      | Killed Grinder
   955 | D:3      | Reached skill level 1 in Stealth
   955 | D:3      | Reached skill level 5 in Unarmed Combat
   955 | D:3      | Reached XP level 5. HP: 14/38 MP: 0/0
   955 | D:3      | Learned a level 2 spell: Call Imp
   955 | D:3      | Reached XP level 6. HP: 16/43 MP: 0/0
  1772 | D:3      | Became a worshipper of Cheibriados the Contemplative
  1807 | D:4      | Found a burning altar of Makhleb.
  1872 | D:4      | Found Berreavo's Self-Improvement Boutique.
  1882 | D:4      | Reached XP level 7. HP: 19/49 MP: 0/0
  1882 | D:4      | Learned a level 3 spell: Swiftness
  2341 | D:4      | Reached skill level 6 in Unarmed Combat
  2681 | D:4      | Reached * piety under Cheibriados
  3172 | D:5      | Entered Level 5 of the Dungeon
  3286 | D:5      | Found a large runed translucent door.
  3286 | D:5      | Found a large runed translucent door.
  3295 | D:5      | Noticed Edmund
  3399 | D:5      | Killed Edmund
  3400 | D:5      | Reached skill level 7 in Unarmed Combat
  3400 | D:5      | Reached XP level 8. HP: 32/54 MP: 0/0
  3401 | D:5      | Reached skill level 5 in Dodging
  4040 | D:5      | Reached ** piety under Cheibriados
  4197 | D:5      | Found a white marble altar of Elyvilon.
  4212 | D:5      | Found an iron altar of Okawaru.
  4218 | D:5      | Reached skill level 8 in Unarmed Combat
  4293 | D:6      | Identified the +0 leather armour of Grace {rPois rF- Str+2
                  | Int+2}
  4501 | D:6      | Engulfed by a cloud of steam

Illustrated notes

Levels and vault maps discovered:
D:1:      psy_arrival_statuary, layout_basic
D:2:      layout_loops_cross, serial_shops, shop, uniq_sigmund
D:3:      layout_basic, mainiacjoe_overflow_small_starburst,
          minmay_fountain_box, uniq_robin, uniq_grinder, uniq_ijyb
D:4:      layout_basic, mainiacjoe_overflow_brackets, serial_aquarium,
          aquarium_bridge_island_small [aquarium_subvault_small_open,
          aquarium_subvault_wall, aquarium_subvault_bridge,
          aquarium_subvault_wall, aquarium_subvault_window],
          aquarium_bridge_square [aquarium_subvault_bridge,
          aquarium_subvault_bridge, aquarium_subvault_balcony,
          aquarium_subvault_bridge], aquarium_window_1, aquarium_window_1,
          aquarium_window_fake, aquarium_window_1, aquarium_view_2e,
          aquarium_balcony_3a, aquarium_pool_2, nicolae_shop_self_help
D:5:      cheibrodos_thug_alley, layout_rooms, jmf_multi_god_temple2,
          due_unseen_surprise, uniq_edmund
D:6:      layout_basic, pf_just_have_faith, minmay_temple_entry_mist

Skill      XL: |  1  2  3  4  5  6  7  8 |
---------------+-------------------------+-----
Unarmed Combat | 4 5 7 8 |  8.3
Dodging        | 3 4 5 |  5.5
Stealth        | 1 2 |  2.0
Fighting       | 2 |  2.7
Spellcasting   | |  2.2
Conjurations   | |  2.2
Hexes          | |  2.2
Summonings     | |  2.2
Necromancy     | |  2.2
Translocations | |  2.2
Transmutations | |  2.2
Fire Magic     | |  2.2
Ice Magic      | |  2.2
Air Magic      | |  2.2
Earth Magic    | |  2.2
Poison Magic   | |  2.2
Evocations     | |  0.4

Action                     |  1- 3 |  4- 6 |  7- 9 || total
---------------------------+-------+-------+-------++-------
  Melee: Unarmed           |    59 |    84 |   194 ||   337
         Headbutt          |     3 |     4 |     1 ||     8
         Punch             |     2 |     6 |     3 ||    11
   Cast: Beastly Appendage |     7 |     3 |     1 ||    11
         Wereblood         |     1 |     3 |     4 ||     8
         Sting             |     1 |     4 |     7 ||    12
         Call Imp          |       |     2 |     2 ||     4
         Spider Form       |       |       |     8 ||     8
  Evoke: Wand              |       |     3 |       ||     3
    Use: Scroll            |     1 |       |     2 ||     3
         Potion            |     1 |       |     2 ||     3
   Stab: Sleeping          |       |     2 |     2 ||     4
         Distracted        |       |       |     1 ||     1
 Armour: Robe              |     3 |    22 |    25 ||    50
         Skin              |     2 |       |     2 ||     4
  Dodge: Dodged            |    39 |    49 |   127 ||   215

Table legend: (Time is in decaauts)
 A = Elapsed time spent in this place.
 B = Non-inter-level travel time spent in this place.
 C = Inter-level travel time spent in this place.
 D = Time resting spent in this place.
 E = Time spent auto-exploring this place.
 F = Levels seen in this place.
 G = Mean time per level.
                   A        B        C        D        E       F      G
               +--------+--------+--------+--------+--------+-----+--------+
         Total |   5137 |   4947 |    190 |    724 |   3330 |   6 |  856.2 |
       Dungeon |   5137 |   4947 |    190 |    724 |   3330 |   6 |  856.2 |
               +--------+--------+--------+--------+--------+-----+--------+

Top non-repeatable levels by time:
     D:4: 1664 daAuts
     D:5: 1397 daAuts
     D:3: 1217 daAuts
     D:1: 547 daAuts
     D:6: 304 daAuts
     D:2: 6 daAuts
